 Dungeon Crawl Stone Soup version 0.17-a0-1738-g82cdc46 (console) character file.

14380 utis the Eclecticist (level 11, -4/52 HPs)
             Began as a Spriggan Earth Elementalist on Aug 30, 2015.
             Shot with a bolt by an orc knight (26 damage)
             ... on level 11 of the Dungeon.
             The game lasted 00:59:15 (19393 turns).

utis the Eclecticist (Spriggan Earth Elementalist) Turns: 19393, Time: 00:59:15

Health: -4/52      AC: 11    Str:  4    XL:     11   Next: 88%
Magic:  36/41      EV: 18    Int: 20    God:
Gold:   681        SH:  0    Dex: 17    Spells: 6 memorised, 24 levels left

rFire  + . .     SeeInvis +     a - 203 stones {=f}
rCold  . . .     Clarity  .     t - +2 mottled dragon armour
rNeg   . . .     SustAt   .     (shield restricted)
rPois  +         Gourm    .     (helmet restricted)
rElec  .         Spirit   .     l - +2 cloak
rCorr  .         Warding  .     (gloves unavailable)
rMut   .         Stasis   .     (boots unavailable)
MR     +....                    (no amulet)
Stlth  ++........               E - ring of protection from fire
                                M - ring of magical power

@: very quick, somewhat resistant to hostile enchantments, unstealthy
A: unfitting armour, see invisible, herbivore 3, speed 3, poison resistance,
slow metabolism 2, spit poison 1
a: Spit Poison


You were on level 11 of the Dungeon.
You were full.

You visited 2 branches of the dungeon, and saw 12 of its levels.

You collected 811 gold pieces.
You spent 130 gold pieces at shops.

Inventory:

Hand weapons
 b - a +3 dagger of venom {=f}
 c - a +0 blowgun
 S - the +7 hunting sling of Domination {venom, +Inv rElec}
   (You bought it in a shop on level 7 of the Dungeon)

   It poisons the ammo it fires.
   It insulates you from electricity.
   It lets you turn invisible.
Missiles
 a - 203 stones (in hand) {=f}
 m - a sling bullet
 u - 6 silver sling bullets
 G - a throwing net {=f}
 K - 8 poisoned needles
 U - 3 tomahawks (quivered)
Armour
 e - a +1 robe
 l - a +2 cloak (worn)
 t - a +2 mottled dragon armour (worn)
Jewellery
 o - an uncursed ring of wizardry
 B - a +2 ring of evasion
 E - a ring of protection from fire (right hand)
 F - an uncursed ring of stealth
 I - an uncursed ring of invisibility
 M - a ring of magical power (left hand)
Magical devices
 i - a wand of draining (8)
 k - a wand of random effects (12)
 v - a wand of confusion (22)
 x - a wand of fire (9)
 A - a wand of disintegration (10)
 C - a wand of polymorph (15)
 D - a wand of flame (19)
Scrolls
 y - 3 scrolls of teleportation {!r}
 z - a scroll of fog
 H - 2 scrolls of remove curse
 N - a scroll of blinking {!r}
 Q - a scroll of enchant weapon {unknown}
 R - a scroll of amnesia {unknown}
 X - a scroll of fear {!r}
 Y - a scroll of noise {unknown}
Potions
 d - a potion of might
 f - 3 potions of invisibility
 g - 2 potions of poison
 j - 4 potions of brilliance
 p - 4 potions of berserk rage {!q}
 r - a potion of degeneration
 s - 4 potions of cancellation
 O - a potion of curing
 P - a potion of agility {unknown}
 T - 2 potions of heal wounds
Books
 L - a book of Geomancy

   Spells                             Type                      Level
   a - Sandblast                      Earth                        1
   b - Stoneskin                      Transmutation/Earth          2
   c - Passwall                       Transmutation/Earth          3
   d - Stone Arrow                    Conjuration/Earth            3
   e - Petrify                        Transmutation/Earth          4
   f - Lee's Rapid Deconstruction     Earth                        5
Comestibles
 h - a beef jerky
 n - a meat ration
 q - 5 slices of pizza
 w - 5 bread rations
 J - 4 royal jellies
 W - 7 fruits


   Skills:
 - Level 3.0 Fighting
 - Level 4.0 Short Blades
 - Level 5.7 Slings
 - Level 6.3 Dodging
 - Level 3.0 Stealth
 + Level 16.2 Spellcasting
 - Level 3.4 Conjurations
 - Level 1.3 Transmutations
 - Level 8.6 Earth Magic


You had 24 spell levels left.
You knew the following spells:

 Your Spells              Type           Power        Failure   Level  Hunger
a - Sandblast             Erth           ######       1%          1    None
b - Stone Arrow           Conj/Erth      #####.       1%          3    None
o - Stoneskin             Trmt/Erth      #####...     1%          2    None
q - Lee's Rapid Deconstr  Erth           ######....   10%         5    ###....
Y - Petrify               Trmt/Erth      #####...     12%         4    None
Z - Passwall              Trmt/Erth      #####.....   3%          3    None


Dungeon Overview and Level Annotations

Branches:
Dungeon (11/15)            Temple (1/1) D:4            Lair (0/8) D:11
    Orc: D:9-12

Altars:
Ashenzari
Cheibriados
Dithmenos
Elyvilon
Fedhas
Gozag
Kikubaaqudgha
Makhleb
Nemelex Xobeh
Okawaru
Qazlal
Ru
Sif Muna
Trog
Vehumet
Xom
Yredelemnul
Zin
The Shining One

Shops:
D:7 (   D:9 %


Innate Abilities, Weirdness & Mutations

You are tiny and cannot use many weapons and most armour.
You have supernaturally acute eyesight.
You are a herbivore.
You cover ground extremely quickly.
You need consume almost no food.
Your system is resistant to poisons.
You can spit weak poison.


Message History

You kill the efreet!
You start resting.
Items here: ))) [ a scimitar of flaming; a chain mail; a whip; a hand axe You start resting.
You see here a dagger.
The orc knight shoots a bolt.
The bolt hits you!!
* * * LOW HITPOINT WARNING * * *
Things that are here:
a bolt; a flail; a plate armour
Casting: Sandblast
Confirm with . or Enter, or press ? or * to list all spells.
Aiming: Sandblast
Press: ? - help, Shift-Dir - straight line, f - orc knight
Aim: an orc knight, wielding an arbalest and wearing a plate armour The rocky blast hits the orc knight.
The orc knight is lightly wounded.
The orc knight shoots a bolt.
The bolt hits you!!
Ouch! That really hurt!
You die...

............)........
▓.....▓▓.....8≈≈≈≈≈≈≈
▓..▓..▓▓...▓.≈8≈≈≈≈≈≈
..........▓.≈≈.'▓▓▓▓▓▓▓▓
▓▓▓........≈≈➘▓........
▓.......o≈≈▓▓........
▓......▓.➘).).....➘..
▓........≈≈▓▓.....➘..
▓......i.≈≈➘▓.....➘))
▓.▓.>...)≈≈[➘▓▓▓▓▓▓▓▓▓▓▓
▓........≈8≈≈≈≈≈≈≈≈≈≈≈≈≈
▓.......➘8≈≈≈≈≈≈≈≈≈≈≈≈≈≈
▓..▓...▓)...............
▓.......[▓▓▓▓.......▓▓▓▓
▓▓▓▓▓▓..)▓..▓.▓▓F......+
▓▓....)▓............ ▓
▓..▓.....▓.......▓▓ ▓▓


You could see an orc knight.

Vanquished Creatures
  2 unseen horrors
  2 hill giants (D:10)
  Pikel (D:7)
  An ugly thing (D:11)
  An elephant (D:11)
  An efreet (D:11)
  A troll (D:9)
  2 two-headed ogres
  A shadow (D:8)
  2 hungry ghosts
  7 yaks
  A water elemental (D:11)
  3 steam dragons
  A hippogriff (shapeshifter) (D:8)
  2 hippogriffs
  A mottled dragon (D:11)
  A wasp (D:10)
  5 ice beasts
  2 slaves (D:7)
  2 eyes of draining (D:8)
  A water moccasin (D:10)
  8 orc warriors
  2 phantoms
  2 black bears
  A necrophage (D:9)
  7 centaurs
  A crocodile (D:11)
  3 big kobolds
  8 ogres
  8 giant frogs
  8 wights
  3 scorpions
  6 killer bees (D:11)
  3 spriggan skeletons (D:9)
  2 electric eels (D:11)
  2 centaur zombies (D:7)
  6 crimson imps
  A giant frog zombie (D:6)
  2 gnoll shamans
  2 jellies
  19 orc wizards
  2 giant frog skeletons
  11 orc priests
  5 centaur skeletons
  8 hounds
  4 iguanas
  11 worker ants
  A sheep (D:11)
  3 hound skeletons
  2 worker ant zombies
  14 adders
  21 gnolls
  A shadow imp (D:6)
  3 oozes
  3 worms
  3 adder skeletons
  13 giant geckos
  52 orcs
  11 bats
  7 giant cockroaches
  10 hobgoblins
  10 jackals
  12 kobolds
  A quokka (D:2)
  2 ball pythons
  A giant gecko zombie (D:5)
  6 giant newts
  9 goblins
  A jackal skeleton (D:5)
  7 rats
368 creatures vanquished.

Notes
Turn   | Place    | Note
--------------------------------------------------------------
     0 | D:1      | utis the Spriggan Earth Elementalist began the quest for the Orb.
     0 | D:1      | Reached XP level 1. HP: 9/9 MP: 5/5
   158 | D:1      | Reached XP level 2. HP: 11/13 MP: 0/7
   227 | D:1      | Learned a level 2 spell: Stoneskin
   845 | D:1      | Reached XP level 3. HP: 9/16 MP: 2/9
   984 | D:1      | Learned a level 3 spell: Stone Arrow
  1107 | D:1      | Learned a level 3 spell: Passwall
  1279 | D:1      | Reached skill level 4 in Spellcasting
  1633 | D:2      | Found an opulent altar of Gozag.
  1916 | D:2      | Reached XP level 4. HP: 21/21 MP: 6/11
  2404 | D:2      | Found a sparkling altar of Nemelex Xobeh.
  3412 | D:3      | Reached skill level 5 in Spellcasting
  3707 | D:3      | Reached XP level 5. HP: 14/24 MP: 9/14
  3710 | D:3      | Reached skill level 6 in Spellcasting
  3877 | D:3      | Noticed a hungry ghost
  3887 | D:3      | Killed a hungry ghost
  3887 | D:3      | Reached skill level 7 in Spellcasting
  3887 | D:3      | Reached XP level 6. HP: 22/28 MP: 6/17
  4024 | D:3      | Learned a level 5 spell: Lee's Rapid Deconstruction
  4029 | D:3      | Learned a level 4 spell: Petrify
  4421 | D:4      | Found a staircase to the Ecumenical Temple.
  4424 | D:4      | Reached skill level 8 in Spellcasting
  4429 | Temple   | Entered the Ecumenical Temple
  4688 | D:4      | Found a stormy altar of Qazlal.
  5193 | D:4      | Reached XP level 7. HP: 32/32 MP: 19/19
  5389 | D:4      | Found an iron altar of Okawaru.
  6031 | D:5      | Entered Level 5 of the Dungeon
  6087 | D:5      | Reached skill level 1 in Conjurations
  6421 | D:5      | Reached skill level 5 in Earth Magic
  6857 | D:5      | Found a shattered altar of Ashenzari.
  7125 | D:5      | Reached XP level 8. HP: 34/36 MP: 21/21
  8551 | D:6      | Reached skill level 1 in Fighting
  8551 | D:6      | Reached skill level 1 in Short Blades
  8724 | D:6      | Found a glowing golden altar of the Shining One.
  8921 | D:6      | Reached skill level 5 in Dodging
  9104 | D:6      | Reached XP level 9. HP: 40/42 MP: 22/22
  9183 | D:6      | Found a glowing silver altar of Zin.
  9321 | D:6      | Found a white marble altar of Elyvilon.
 10283 | D:6      | Reached skill level 9 in Spellcasting
 10484 | D:6      | Reached skill level 10 in Spellcasting
 11253 | D:6      | Reached XP level 10. HP: 41/49 MP: 25/25
 11353 | D:6      | Found a sacrificial altar of Ru.
 11448 | D:7      | Noticed Pikel
 11624 | D:7      | Found a shadowy altar of Dithmenos.
 12133 | D:7      | Killed Pikel
 12221 | D:7      | Found Nolesis's Antique Weapon Emporium.
 12238 | D:7      | Bought a slimy hunting sling for 130 gold pieces
 12238 | D:7      | Identified the +7 hunting sling of Domination {venom, +Inv rElec} (You bought it in a shop on level 7 of the Dungeon)
 12359 | D:7      | Reached skill level 11 in Spellcasting
 13051 | D:8      | Reached skill level 1 in Slings
 13414 | D:8      | Reached skill level 5 in Slings
 14500 | D:9      | Reached skill level 12 in Spellcasting
 14633 | D:9      | Found a radiant altar of Vehumet.
 14734 | D:9      | Found a shimmering altar of Xom.
 14789 | D:9      | Found a blossoming altar of Fedhas.
 14789 | D:9      | Found an ancient bone altar of Kikubaaqudgha.
 15066 | D:9      | Noticed an unseen horror
 15121 | D:9      | Killed an unseen horror
 15121 | D:9      | Reached XP level 11. HP: 13/52 MP: 26/28
 15399 | D:9      | Found Apiom's Food Boutique.
 15425 | D:9      | Reached skill level 13 in Spellcasting
 15797 | D:9      | Found a burning altar of Makhleb.
 15913 | D:10     | Entered Level 10 of the Dungeon
 16185 | D:10     | You fall through a shaft!
 16262 | D:11     | Noticed an unseen horror
 16263 | D:11     | Noticed an unseen horror
 16601 | D:11     | Reached skill level 14 in Spellcasting
 17056 | D:11     | Found a staircase to the Lair.
 17113 | D:11     | Noticed a hill giant
 17433 | D:11     | Noticed an unseen horror
 17438 | D:11     | Killed an unseen horror
 17438 | D:11     | Reached skill level 15 in Spellcasting
 17539 | D:11     | Noticed a hill giant
 18151 | D:10     | Noticed a hill giant
 18166 | D:10     | Killed a hill giant
 18250 | D:10     | Noticed a hill giant
 18263 | D:10     | Killed a hill giant
 18477 | D:10     | Reached skill level 16 in Spellcasting
 19085 | D:5      | Gained mutation: You can spit weak poison. [potion of beneficial mutation]
 19086 | D:5      | Gained mutation: Your system is resistant to poisons. [potion of beneficial mutation]
 19393 | D:11     | Shot with a bolt by an orc knight

Vault maps used:
D:1:      dpeg_arrival_rooms_a
D:2:      lemuel_crystal_altar, nicolae_gozag_seed_capital
D:4:      okawaru_altar_gauntlet_db, grunt_qazlal_sundering, temple_green,
          first_bread, minmay_misc_feat_square
D:5:      ashenzari_conservatory_becter
D:6:      minmay_opposing_rooms, good_gods_mini_temple,
          nicolae_ru_the_path_less_chosen, minmay_statues_item
D:7:      nicolae_dithmenos_the_darkroom, serial_shops, shop, uniq_pikel
D:8:      hangedman_cross_stitches
D:9:      xom_butterflies, lemuel_crystal_altar,
          grunt_temple_overflow_growth_and_decay, serial_glass, glass_columns_a,
          glass_columns_b, serial_shops, kennysheep_mini_moat,
          hangedman_tell_no_tales, makhleb_blood_cavern_becter
D:10:     minmay_weird_star, nooodl_food_tri
D:11:     david_lair_generic, erik_orc_2, serial_glass, glass_columns_a,
          glass_columns_c, minmay_strange_pillars, due_unseen_surprise
Temple:   circular_temple_6

Action                   |  1- 3 |  4- 6 |  7- 9 | 10-12 || total
-------------------------+-------+-------+-------+-------++-------
Melee: Short sword       |    35 |    58 |       |       ||    93
       Dagger            |       |    96 |   352 |   144 ||   592
 Fire: Blowgun           |       |       |    31 |    54 ||    85
       Hunting sling     |       |       |       |   323 ||   323
Throw: Tomahawk          |       |       |       |     9 ||     9
 Cast: Sandblast         |    71 |    41 |    70 |   100 ||   282
       Stoneskin         |       |     1 |     5 |     2 ||     8
       Stone Arrow       |       |       |    14 |     3 ||    17
       Lee's Rapid Decon |       |       |       |     7 ||     7
  Use: Scroll            |     1 |     2 |     1 |    18 ||    22
       Potion            |       |       |       |     2 ||     2
 Stab: Sleeping          |     4 |     8 |     5 |     6 ||    23
       Distracted        |       |     1 |     1 |     2 ||     4
  Eat: Bread ration      |       |     2 |       |     2 ||     4
